 Dungeon Crawl Stone Soup version 0.30-a0-137-gd8773701ce (webtiles) character file.

Game seed: 6640054503560517921

6510 jlumianski the Cleaver (level 11, 0/66 HPs)
             Began as a Gargoyle Gladiator on Sept 22, 2022.
             Was a Follower of Qazlal.
             Slain by a vampire (8 damage)
             ... on level 8 of the Dungeon.
             The game lasted 00:29:34 (7494 turns).

jlumianski the Cleaver (Gargoyle Gladiator)         Turns: 7494, Time: 00:29:35

Health: 0/66       AC: 31    Str: 23    XL:     11   Next: 0%
Magic:  3/21       EV:  7    Int:  8    God:    Qazlal [*.....]
Gold:   211        SH: 13    Dex: 11    Spells: 23/23 levels left

rFire   . . .      SeeInvis .    a - +1 war axe
rCold   . . .      Faith    .    q - +3 kite shield
rNeg    + . .      Spirit   .    n - +0 chain mail
rPois   ∞          Reflect  .    c - +2 helmet
rElec   +          Harm     .    (no cloak)
rCorr   .          Rampage  .    j - +2 pair of gloves {infuse}
Will    +....                    p - +2 pair of boots
Stlth   ..........               f - amulet of regeneration
HPRegen 1.01/turn                v - ring of willpower
MPRegen 0.17/turn                s - +4 ring of protection

@: mighty
A: sickness immunity, AC +8, negative energy resistance 1, electricity
resistance, torment resistance 1, petrification resistance
a: Renounce Religion


You were on level 8 of the Dungeon.
You worshipped Qazlal.
Qazlal was aware of your devotion.
You visited 2 branches of the dungeon, and saw 10 of its levels.

You collected 439 gold pieces.
You spent 228 gold pieces at shops.

Inventory:

Hand Weapons
 a - a +1 war axe (weapon)
 A - a +4 spear
Missiles
 d - 4 throwing nets
 e - a javelin
 l - a boomerang
 t - 15 poisoned darts (quivered)
 z - 3 atropa-tipped darts
 J - a curare-tipped dart
Armour
 c - a +2 helmet (worn)
 j - a +2 pair of gloves of infusion (worn)
 n - a +0 chain mail (worn)
 p - a +2 pair of boots (worn)
 q - a +3 kite shield (worn)
 E - a +0 pair of gloves
Jewellery
 f - an amulet of regeneration (around neck)
 s - a +4 ring of protection (right hand)
 v - a ring of willpower (left hand)
 y - a ring of see invisible
 G - an amulet of guardian spirit
Wands
 B - a wand of polymorph (10)
 I - a wand of roots (11)
Scrolls
 i - 2 scrolls of vulnerability
 r - 2 scrolls of amnesia
 u - a scroll of blinking
 w - 3 scrolls of teleportation
 D - a scroll of enchant weapon
 F - a scroll of silence
 K - a scroll of enchant armour
Potions
 b - a potion of cancellation
 g - a potion of mutation
 k - 2 potions of lignification
 m - a potion of heal wounds {unknown}
 o - a potion of curing
 x - a potion of attraction
 C - a potion of degeneration
 H - a potion of haste {unknown}


   Skills:
 + Level 6.9 Fighting
 + Level 9.6 Axes
 + Level 2.2 Throwing
 + Level 5.9 Armour
 + Level 3.9 Dodging
 + Level 0.5 Stealth
 + Level 5.2 Shields
 + Level 1.1 Unarmed Combat
 * Level 6.8 Spellcasting


You had 23 spell levels left.
You didn't know any spells.
Your spell library contained the following spells:

 Spells                   Type           Power      Damage    Failure   Level
 Foxfire                  Conj/Fire      8%         2x1d4     99%         1
 Freeze                   Ice            8%         1d3       99%         1
 Necrotise                Necr           8%         1d4       99%         1
 Wereblood                Tmut           2%         N/A       100%        2
 Frozen Ramparts          Ice            4%         1d1       100%        3
 Inner Flame              Hex/Fire       2%         N/A       100%        3
 Kindle Blastsparks       Fire/Tloc/Air  4%         2d10      100%        3
 Vampiric Draining        Necr           2%         2d6       100%        3
 Flame Wave               Conj/Fire      2%         2d4       100%        4
 Hailstorm                Conj/Ice       2%         3d3       100%        4
 Agony                    Necr           2%         N/A       100%        5
 Summon Hydra             Summ           1%         N/A       100%        7
 Sublimation of Blood     Necr           Unusable   N/A       N/A         2

Dungeon Overview and Level Annotations

Branches:
Dungeon (9/15)             Temple (1/1) D:7
   Lair: D:8-11         Orc: D:9-12

Altars:
Ashenzari
Cheibriados
Dithmenos
Elyvilon
Fedhas
Gozag
Hepliaklqana
Kikubaaqudgha
Makhleb
Nemelex Xobeh
Okawaru
Qazlal
Ru
Trog
Uskayaw
Vehumet
Wu Jian
Yredelemnul
Zin
The Shining One

Shops:
D:7 ?


Innate Abilities, Weirdness & Mutations

You are immune to sickness and miasma.
Your stone body is resilient. (AC +8)
You are immune to poison.
You resist negative energy. (rN+)
You are resistant to electric shocks. (rElec)
You are resistant to unholy torment.
You are immune to petrification.


Message History

Something bites you but does no damage.
You slash the yak!
The yak is heavily wounded.
You slash something! You block something's attack. x2
The yak gores you but does no damage.
You slash the yak!
The yak is severely wounded.
You barely miss something. Something hits you.
Something bites you but does no damage. You block the yak's attack.
You hit the yak.
The yak is almost dead.
You hit something but do no damage. Something hits you but does no damage.
Something bites you! The yak gores you.
You slash the yak!
You kill the yak!
Qazlal accepts your kill.
You closely miss something.
You hear some strange, mumbled words.
Something tries to affect you, but you resist.
You have reached level 11!
You miss something. Something hits you! Something bites you.
You miss something. Something hits you but does no damage.
Something bites you but does no damage. Something hits you!
Something bites you.
* * * LOW HITPOINT WARNING * * *
You closely miss something. Something hits you but does no damage.
You block something's attack.
You closely miss something. Something hits you!
* * * LOW HITPOINT WARNING * * *
Something bites you but does no damage.
You completely miss something. Something hits you!
* * * LOW HITPOINT WARNING * * *
Something bites you but does no damage.
You feel better. Something hits you!
* * * LOW HITPOINT WARNING * * *
Something bites you but does no damage.
You feel very mighty all of a sudden. Something hits you but does no damage.
Something bites you but does no damage.
You hit something. Something hits you but does no damage. Something bites you!
You die...

........# #.#.#
........# ...
.#
......#.#####
.###
.##.#.#....
#.#.. .
...<.......
#.#.# ..
...#######.
.#.####.##
.....
#......<...
####.#
###.#.#{....###
...
......†@.......
###
.######.###.###
... ##.## ...
..# ..# ...#


There were no monsters in sight!

Vanquished Creatures
  2 two-headed ogres
  Grinder (D:5)
  7 yaks
  A steam dragon (D:6)
  Menkaure (D:7)
  2 water moccasins
  6 ice beasts
  3 orc warriors
  2 black bears
  2 sky beasts
  An ogre (D:4)
  9 centaurs
  2 kobold brigands (D:7)
  2 phantoms
  2 bullfrogs
  A scorpion (D:5)
  6 wights
  A howler monkey (D:9)
  7 hounds
  3 orc priests
  3 jellies
  An iguana (D:6)
  8 orc wizards
  6 gnolls
  10 adders
  2 shadow imps
  2 worms
  3 dart slugs
  19 orcs
  5 ball pythons
  A bat (D:1)
  5 endoplasms
  2 giant cockroaches (D:4)
  5 goblins
  9 hobgoblins
  8 jackals
  2 quokkas (D:4)
  5 frilled lizards
  12 kobolds
  2 rats
171 creatures vanquished.

Notes
Turn   | Place    | Note
-------+----------+-------------------------------------------
     0 | D:1      | jlumianski the Gargoyle Gladiator began the quest for the
                  | Orb.
     0 | D:1      | Reached XP level 1. HP: 12/12 MP: 1/1
   123 | D:1      | Found a faded altar of an unknown god.
   171 | D:1      | Reached XP level 2. HP: 12/17 MP: 2/2
   365 | D:1      | Reached skill level 3 in Axes
   646 | D:2      | Reached XP level 3. HP: 20/22 MP: 1/3
   871 | D:3      | Found a white marble altar of Elyvilon.
  1478 | D:2      | Reached XP level 4. HP: 27/27 MP: 1/4
  1795 | D:4      | Found a blossoming altar of Fedhas.
  1802 | D:3      | Reached skill level 1 in Armour
  1953 | D:3      | Reached skill level 4 in Axes
  1958 | D:3      | Reached XP level 5. HP: 14/31 MP: 0/6
  2281 | D:3      | Reached skill level 1 in Spellcasting
  2389 | D:3      | Reached XP level 6. HP: 3/36 MP: 0/8
  3244 | D:4      | Noticed a water moccasin
  3257 | D:4      | Killed a water moccasin
  3456 | D:4      | Reached XP level 7. HP: 35/41 MP: 7/10
  3898 | D:4      | Reached skill level 5 in Axes
  4020 | D:5      | Entered Level 5 of the Dungeon
  4281 | D:5      | Noticed Grinder
  4306 | D:5      | Killed Grinder
  4307 | D:5      | Reached XP level 8. HP: 41/48 MP: 10/12
  4425 | D:4      | Found a glowing golden altar of the Shining One.
  4479 | D:4      | Reached skill level 6 in Axes
  5254 | D:5      | Reached skill level 1 in Unarmed Combat
  5358 | D:5      | Reached skill level 7 in Axes
  5408 | D:5      | Reached XP level 9. HP: 53/53 MP: 12/15
  5529 | D:6      | Reached skill level 1 in Shields
  5616 | D:6      | Reached skill level 5 in Fighting
  5682 | D:7      | Found a staircase to the Ecumenical Temple.
  5693 | Temple   | Entered the Ecumenical Temple
  5725 | D:7      | Reached skill level 5 in Armour
  5748 | D:7      | Found Mustrael's Magic Scroll Boutique.
  5756 | D:7      | Bought a scroll of enchant weapon for 90 gold pieces
  5756 | D:7      | Bought a scroll of identify for 24 gold pieces
  5756 | D:7      | Bought a scroll of silence for 114 gold pieces
  5841 | D:6      | Reached skill level 5 in Spellcasting
  6248 | D:6      | Reached skill level 8 in Axes
  6461 | D:6      | Reached XP level 10. HP: 38/60 MP: 5/18
  6678 | D:7      | Found an ornate altar of the Wu Jian Council.
  6679 | D:7      | Found a stormy altar of Qazlal.
  6683 | D:7      | Found a radiant altar of Vehumet.
  6696 | D:7      | Found an ancient bone altar of Kikubaaqudgha.
  6697 | D:7      | Found an opulent altar of Gozag.
  6700 | D:7      | Became a worshipper of Qazlal Stormbringer
  6876 | D:7      | Noticed Menkaure
  6881 | D:7      | Killed Menkaure
  6937 | D:7      | Reached skill level 9 in Axes
  7077 | D:7      | Found a glowing silver altar of Zin.
  7221 | D:7      | Found a broken altar of Ashenzari.
  7315 | D:8      | Noticed a two-headed ogre
  7325 | D:8      | Killed a two-headed ogre
  7333 | D:8      | Reached * piety under Qazlal
  7427 | D:9      | Noticed a two-headed ogre
  7438 | D:9      | Killed a two-headed ogre
  7439 | D:9      | Reached skill level 5 in Shields
  7472 | D:9      | Noticed a cyclops
  7487 | D:8      | Reached XP level 11. HP: 38/66 MP: 2/21
  7494 | D:8      | Slain by a vampire

Illustrated notes

Levels and vault maps discovered:
D:1:      onia_arrival_pyramid, layout_loops_corners,
          ebering_ecumenical_altar_hall, hangedman_decor_slide_cut,
          wad_floor_pattern_2
D:2:      layout_loops_ring
D:3:      layout_basic, elyvilon_altar_4
D:4:      layout_rooms, nicolae_tso_swordbearing_angel,
          mainiacjoe_overflow_tiny_flanked, minmay_a_box_with_orc_wizards_in_it
D:5:      kennysheep_six_static_rooms, layout_rooms, uniq_grinder
D:6:      layout_basic
D:7:      layout_rooms, grunt_temple_overflow_open,
          lemuel_coloured_pillars_altar, zin_academy,
          minmay_temple_entry_statues_pillars, nicolae_stop_n_shop_2,
          centaur_isle, uniq_menkaure
D:8:      layout_basic, due_lair_maze_entry_diamond, feat_on_display
D:9:      layout_loops_cross, led_sif_book, enter_bailey_3,
          hangedman_abyss_or_decor_lesser_grid, hangedman_tell_no_tales
Temple:   hellmonk_temple_micro_hex

Skill      XL: |  1  2  3  4  5  6  7  8  9 10 |
---------------+-------------------------------+-----
Axes           | 3 4 5 7 8 9 |  9.6
Armour         | 1 2 3 4 5 |  5.9
Spellcasting   | 1 2 3 4 5 6 |  6.8
Dodging        | 3 |  3.9
Fighting       | 3 4 5 6 |  6.9
Unarmed Combat | 1 |  1.1
Shields        | 3 5 |  5.2
Throwing       | 2 |  2.2
Stealth        | |  0.5

Action                   |  1- 3 |  4- 6 |  7- 9 | 10-12 || total
-------------------------+-------+-------+-------+-------++-------
Melee: War axe           |    86 |   117 |   247 |   168 ||   618
       Punch             |       |     1 |     1 |       ||     2
       Unarmed           |       |       |     8 |       ||     8
Throw: Dart              |       |     2 |       |     4 ||     6
       Javelin           |       |       |     3 |     1 ||     4
Evoke: Wand              |       |       |       |     1 ||     1
  Use: Potion            |       |     2 |     2 |     3 ||     7
       Scroll            |       |       |    23 |     3 ||    26
Armor: Leather armour    |    31 |       |       |       ||    31
       Chain mail        |    30 |   106 |   222 |   167 ||   525
       Skin              |       |       |     3 |       ||     3
Dodge: Dodged            |    58 |    52 |    93 |    58 ||   261
Block: Kite shield       |       |       |    83 |   153 ||   236

Table legend: (Time is in decaauts)
 A = Elapsed time spent in this place.
 B = Non-inter-level travel time spent in this place.
 C = Inter-level travel time spent in this place.
 D = Time resting spent in this place.
 E = Time spent auto-exploring this place.
 F = Levels seen in this place.
 G = Mean time per level.
                   A        B        C        D        E       F      G
               +--------+--------+--------+--------+--------+-----+--------+
         Total |   7682 |   7544 |    138 |   1104 |   3726 |  10 |  768.2 |
       Dungeon |   7670 |   7532 |    138 |   1104 |   3726 |   9 |  852.2 |
        Temple |     11 |     11 |      0 |      0 |      0 |   1 |   11.0 |
               +--------+--------+--------+--------+--------+-----+--------+

Top non-repeatable levels by time:
     D:3: 1630 daAuts
     D:4: 1368 daAuts
     D:6: 1055 daAuts
     D:1: 910 daAuts
     D:5: 883 daAuts
     D:2: 786 daAuts
     D:7: 736 daAuts
     D:8: 161 daAuts
     D:9: 138 daAuts
  Temple: 11 daAuts
